 Dungeon Crawl Stone Soup version 0.19-a0-675-gf8984cf (webtiles) character file.

1999375 TheGoonsmith the Ruinous (level 27, 202/202 HPs)
             Began as a Gargoyle Fire Elementalist on June 16, 2016.
             Was the Champion of Vehumet.
             Escaped with the Orb
             ... and 4 runes!
             The game lasted 04:59:01 (96511 turns).

TheGoonsmith the Ruinous (GrFE)                    Turns: 96511, Time: 04:59:01

Health: 202/202    AC: 38    Str: 31    XL:     27
Magic:  43/53      EV: 29    Int: 36    God:    Vehumet [******]
Gold:   3189       SH: 17    Dex: 17    Spells: 10 memorised, 9 levels left

rFire  + + +     SeeInvis +     t - staff of fire
rCold  x . .     Gourm    .     Z - +2 robe {Archmagi}
rNeg   + + +     Faith    .     L - +2 shield {rN+}
rPois  ∞         Spirit   .     F - +0 Maxwell's etheric cage {RegenMP+ *Contam rElec MP+4}
rElec  +         Dismiss  .     n - +0 cloak of the Bull {Int+2}
rCorr  +         Reflect  .     d - +4 pair of gloves "Fammul" {Str+3}
SustAt .         Harm     .     q - +2 pair of boots
MR     +++++     Clarity  +     a - amulet of the Four Winds {rN+ MR+++ Clar}
Stlth  ++........               i - ring "Leggig" {MR- Str+3 Int+4 Stlth+}
                                Q - ring of see invisible

@: mighty, brilliant, agile, immune to fire clouds, resistant, very slightly
contaminated, hasted, deflect missiles, invisible, very quick, almost entirely
resistant to hostile enchantments, unstealthy
A: big wings, hooves 2, repulsion field 1, molten scales 1, agile 1, berserk 1,
blurry vision 1, deterioration 1, fire resistance 1, magic resistance 1,
negative energy resistance 1, robust 2, electricity resistance, strong 2,
unbreathing, evolution 1, petrification resistance, rot immunity, AC +20
a: Fly, Renounce Religion
0: Orb of Zot
}: 4/15 runes: serpentine, barnacled, slimy, silver


You escaped.
You worshipped Vehumet.
Vehumet was exalted by your worship.
You were hungry.

You visited 11 branches of the dungeon, and saw 55 of its levels.
You also visited: Ice Cave.

You collected 8595 gold pieces.
You spent 5406 gold pieces at shops.

Inventory:

Armour
 d - the +4 pair of gloves "Fammul" (worn) {Str+3}
   (You took it off Nikola on level 3 of the Elven Halls)

   It affects your strength (+3).
 n - the +0 cloak of the Bull (worn) {Int+2}
   (You found it on level 2 of the Depths)

   It affects your intelligence (+2).
 q - a +2 pair of boots (worn)
 F - the +0 Maxwell's etheric cage (worn) {RegenMP+ *Contam rElec MP+4}
   (You found it on level 5 of the Vaults)

   It insulates you from electricity.
   It affects your magic capacity (+4).
   It causes magical contamination when unequipped.
 L - a +2 shield of positive energy (worn)
 Z - a +2 robe of the Archmagi (worn)
Magical Staves
 t - an uncursed staff of fire (weapon)
Jewellery
 a - the amulet of the Four Winds (around neck) {rN+ MR+++ Clar}
   (You took it off a fire giant on level 3 of the Depths)

   [amulet of nothing]

   It protects you from negative energy.
   It affects your resistance to hostile enchantments.
   It protects you against confusion.
 c - an uncursed ring of protection from cold
 i - the ring "Leggig" (right hand) {MR- Str+3 Int+4 Stlth+}
   (You took it off a deep elf mage on level 3 of the Elven Halls)

   [ring of stealth]

   It affects your strength (+3).
   It affects your intelligence (+4).
   It affects your resistance to hostile enchantments.
   It makes you more stealthy.
 j - a cursed -3 ring of evasion {unknown}
 Q - a ring of see invisible (left hand)
Wands
 b - a wand of confusion (33/48)
 D - a wand of digging (13/24)
 N - a wand of hasting (6/9)
 R - a wand of heal wounds (2/9)
 W - a wand of teleportation (3/9)
Scrolls
 e - 3 scrolls of magic mapping
 f - a scroll of fog
 l - 4 scrolls of enchant armour
 m - 7 scrolls of blinking
 o - 12 scrolls of teleportation
 r - 12 scrolls of identify
 H - 22 scrolls of remove curse
 U - 6 scrolls of fear
Potions
 g - 8 potions of flight
 k - 18 potions of curing
 s - 3 potions of haste
 u - 7 potions of heal wounds
 w - 3 potions of invisibility
 z - 6 potions of might
 A - 3 potions of resistance
 B - 4 potions of magic
 E - 8 potions of brilliance
 O - 2 potions of cancellation
 V - 4 potions of agility
 Y - a potion of ambrosia
Comestibles
 x - 3 beef jerkies
 G - 3 meat rations
 J - 11 bread rations


   Skills:
 + Level 16.5 Fighting
 - Level 14.3 Staves
 - Level 10.8 Armour
 - Level 13.0 Dodging
 - Level 2.1 Stealth
 - Level 15.0 Shields
 - Level 22.0 Spellcasting
 - Level 24.9 Conjurations
 - Level 11.1 Charms
 - Level 9.5 Summonings
 - Level 21.1 Fire Magic
 - Level 6.1 Ice Magic
 - Level 5.5 Air Magic
   Level 4.0 Earth Magic


You had 9 spell levels left.
You knew the following spells:

 Your Spells              Type           Power        Failure   Level  Hunger
a - Ring of Flames        Chrm/Fire      #########.   1%          7    None
b - Bolt of Fire          Conj/Fire      ##########   0%          6    None
c - Freezing Cloud        Conj/Ice/Air   ########..   1%          6    None
d - Orb of Destruction    Conj           #########.   1%          7    None
e - Blink                 Tloc           N/A          1%          2    None
f - Fireball              Conj/Fire      ##########   0%          5    None
g - Fire Storm            Conj/Fire      ##########   1%          9    #####..
h - Haste                 Chrm           ########     1%          6    None
r - Deflect Missiles      Chrm/Air       ########..   1%          6    None
z - Spellforged Servitor  Conj/Summ      ########..   1%          7    None


Dungeon Overview and Level Annotations

Branches:
Dungeon (15/15)            Temple (0/1) D:7            Lair (6/6) D:8
 Shoals (4/4) Lair:3        Snake (4/4) Lair:2        Slime (5/5) Lair:5
    Orc (2/2) D:10            Elf (3/3) Orc:2        Vaults (5/5) D:13
  Crypt (1/3) Vaults:3     Depths (5/5) D:15            Zot (5/5) Depths:5

Altars:
Ashenzari
Cheibriados
Dithmenos
Fedhas
Gozag
Hepliaklqana
Makhleb
Okawaru
Qazlal
Ru
Sif Muna
Trog
Uskayaw
Vehumet
Zin
The Shining One
Beogh

Shops:
D:8 !   D:12 }   Orc:2 [(:*   Elf:1 [}:   Vaults:2 [   Vaults:3 (=}
Vaults:5 *   Depths:1 *(}:[

Portals:
Hell: Lair:6 Depths:1 Depths:2 Depths:3 Depths:4 Depths:5
Abyss: Depths:1 Depths:2 Depths:4
Pandemonium: Depths:3
Ziggurat: Depths:2
Trove: Vaults:1 (give 3 potions of resistance)

Annotations:
D:12 exclusion: 2 statues


Innate Abilities, Weirdness & Mutations

You are resistant to torment.
Your stone body is resilient. (AC +20)
You are immune to poison.
Your large and strong wings let you fly indefinitely.
You resist negative energy. (rN+)
You are resistant to electric shocks. (rElec)
You can survive without breathing.
You are immune to petrification.
You are immune to rotting.
You are immune to clouds of flame.
You have hoof-like feet.
You are surrounded by a mild repulsion field. (EV +2)
You are partially covered in molten scales. (AC +1)
You are agile. (Dex +2)
You tend to lose your temper in combat.
Scrolls take you a little longer to read.
Your body sometimes deteriorates upon taking damage.
Your flesh is heat resistant. (rF+)
You are resistant to hostile enchantments. (MR+)
You are very robust. (+20% HP)
Your muscles are very strong. (Str +4)
You evolve.


Message History

You feel agile all of a sudden.
Evoke which item? (* to show all) (? for menu, Esc to quit)
Okay, then.
Casting: Fire Storm
Confirm with . or Enter, or press ? or * to list all spells.
Okay, then.
Casting: Fire Storm
Confirm with . or Enter, or press ? or * to list all spells.
You feel a strong surge of power! The air around you leaps into flame!
You are feeling hungry.
Casting: Ring of Flames
Confirm with . or Enter, or press ? or * to list all spells.
Okay, then.
Casting: Ring of Flames
Confirm with . or Enter, or press ? or * to list all spells.
You feel a surge of power!
You feel very safe from missiles.
Casting: Deflect Missiles
Confirm with . or Enter, or press ? or * to list all spells.
Okay, then.
You have escaped!

#.# #...................#.##. #.#
#.#####...##..#####.#.... #.# #.#
##..#..#..# #.####. #.#
##.###..#.#..#######.##### #.#
#.....)#...#......##...... #.#
#.#####.....#####.##.##### ####.#
#..#...........#..##)# .....#
##..#...§§§...#..###.##### .....#
##..#...§@§...#..#........ .....#
#..#....§§§....#...##.#### ...).#
#.#####.....#####.(##..# .†...#
#......#...#.......###.# .#####
#.##....#.#..##.##.# #.##
.#######.##..#..#.........# #..#
..............#...........####.##
#############.#..............#..#
#.#....#..###.##.##.#


There were no monsters in sight!

Vanquished Creatures
  the Royal Jelly (Slime:5)
  4 pandemonium lords
  A seraph (Depths:1)
  2 ancient liches (Zot:5)
  4 orbs of fire
  A juggernaut (Depths:5)
  A Killer Klown (Zot:5)
  A curse toe (Zot:4)
  A caustic shrike (Depths:1)
  Nikola (Elf:3)
  7 golden dragons
  2 electric golems
  2 bone dragons (Depths:5)
  A shard shrike zombie (Crypt:1)
  18 tentacled monstrosities
  3 Ice Fiends
  A deep elf blademaster (Elf:3)
  23 Orb Guardians
  A deep elf master archer (Elf:3)
  3 titans (Vaults:5)
  9 liches
  3 quicksilver dragons
  15 acid blobs
  6 death cobs
  13 sphinxes
  An Executioner (Depths:2)
  Polyphemus (Shoals:3)
  Agnes (Snake:2)
  6 tengu reavers
  8 azure jellies
  14 storm dragons
  2 daevas (Depths:1)
  10 shadow dragons
  4 draconian monks
  8 greater nagas
  The ghost of Ryco the Severer, a journeyman DDFi of Makhleb (Shoals:4)
  Louise (Snake:2)
  2 iron dragons
  Donald (Shoals:4)
  8 frost giants
  11 fire giants
  6 draconian scorchers
  A draconian knight (Zot:3)
  A frost giant (shapeshifter) (Vaults:5)
  A deep elf sorcerer (Vaults:4)
  Aizul (Snake:1)
  21 vault wardens
  An orc warlord (Vaults:5)
  A ghoul (Crypt:1)
  6 ghost moths
  3 draconian zealots
  An angel (Depths:1)
  6 deep elf elementalists
  A curse skull (Crypt:1)
  5 draconian callers
  3 draconian annihilators
  A spriggan defender (Depths:5)
  3 war gargoyles (Vaults:5)
  18 very ugly things
  26 stone giants
  11 ironheart preservers
  Nessos (Lair:4)
  7 deep elf demonologists
  2 green draconians
  2 vampire knights
  5 black draconians
  5 yellow draconians
  7 white draconians
  6 purple draconians
  7 spark wasps
  9 deep elf annihilators
  The ghost of hoot the Stickfighter, a journeyman MiGl of Okawaru (Lair:4)
  10 mottled draconians
  17 ettins
  9 red draconians
  4 merfolk javelineers
  3 merfolk impalers
  An eidolon (Crypt:1)
  23 fire dragons
  16 deep elf death magi
  7 death oozes (Slime:5)
  A minotaur (Shoals:2)
  13 great orbs of eyes
  7 deep elf high priests
  9 jiangshi
  29 vault guards
  A quicksilver dragon skeleton (Crypt:1)
  Fannar (Lair:1)
  7 entropy weavers
  22 yaktaur captains
  12 naga warriors
  5 hydras
  6 rakshasas
  3 spriggan air magi
  13 ice dragons
  2 alligator snapping turtles
  3 merfolk avatars
  15 anacondas
  7 centaur warriors
  A catoblepas (Shoals:3)
  A ghost crab (shapeshifter) (Vaults:2)
  11 ogre magi
  4 death knights
  5 satyrs
  14 deep troll shamans
  32 dancing weapons
  7 merfolk aquamancers
  2 death yaks (Shoals:3)
  4 deep troll earth magi
  An orc high priest (Elf:1)
  3 vampire magi
  6 tengu warriors
  8 shock serpents
  Sonja (Lair:2)
  8 spriggan berserkers
  5 spriggans
  17 naga sharpshooters
  7 large abominations
  4 iron trolls
  24 deep elf knights
  10 skeletal warriors
  7 salamander mystics
  5 small abominations
  13 hell knights
  4 shadow wraiths
  An orange crystal statue (Elf:2)
  11 sea snakes
  2 fire crabs (Vaults:2)
  An unseen horror (Depths:4)
  A giant orange brain (shapeshifter) (Depths:2)
  3 naga ritualists
  9 giant orange brains
  7 flayed ghosts
  29 deep trolls
  A shadow demon (Depths:5)
  5 hill giants
  26 deep elf archers
  An anaconda skeleton (Crypt:1)
  11 phantasmal warriors
  18 ironbrand convokers
  13 orc knights
  65 deep elf magi
  8 necromancers
  13 mana vipers
  6 wizards
  35 harpies
  4 lindwurms (Snake:4)
  3 wolf spiders
  A hornet (shapeshifter) (Depths:3)
  52 ugly things
  8 orc sorcerers
  A faun (shapeshifter) (Elf:1)
  12 salamanders
  3 hornets
  12 griffons
  10 manticores
  3 shining eyes
  A salamander (shapeshifter) (Vaults:4)
  2 sixfirhies
  20 fauns
  6 cyclopes
  11 sirens
  2 oklob plants
  3 ice statues (IceCv)
  A cyclops (shapeshifter) (Depths:2)
  7 elephants
  A moth of wrath (shapeshifter) (Depths:2)
  18 moths of wrath
  52 black mambas
  An octopode (shapeshifter) (Vaults:5)
  A guardian serpent (shapeshifter) (Vaults:4)
  14 guardian serpents
  15 vault sentinels
  A centaur zombie (D:15)
  5 water nymphs
  26 naga magi
  3 smoke demons
  2 gargoyles
  3 eyes of devastation (Slime:5)
  13 spiny frogs
  A torpor snail (shapeshifter) (Depths:4)
  A spiny frog (shapeshifter) (Vaults:2)
  4 centaur skeletons
  A dire elephant zombie (Crypt:1)
  2 torpor snails
  5 orange demons (Lair:6)
  4 rime drakes
  7 freezing wraiths
  7 komodo dragons
  3 kobold demonologists
  A yaktaur (shapeshifter) (Vaults:1)
  78 yaktaurs
  6 tengu conjurers
  2 ice devils (Lair:6)
  2 hellwings
  A red devil (Lair:6)
  A green draconian skeleton (Crypt:1)
  A polar bear (Lair:6)
  A guardian mummy (Crypt:1)
  4 meliai (Shoals:2)
  A polar bear (shapeshifter) (Vaults:5)
  6 trolls
  A troll (shapeshifter) (Depths:1)
  Prince Ribbit (D:8)
  28 two-headed ogres
  20 merfolk
  A jumping spider (shapeshifter) (D:14)
  2 two-headed ogres (shapeshifter)
  11 blink frogs (Lair:6)
  34 slime creatures
  Grinder (D:5)
  8 boulder beetles
  8 snapping turtles
  A fire dragon skeleton (Crypt:1)
  8 wraiths
  2 shadows
  10 redbacks
  3 air elementals
  2 tarantellas
  54 yaks
  18 water elementals
  A basilisk (shapeshifter) (D:15)
  A human (shapeshifter) (Vaults:3)
  A basilisk (Lair:3)
  2 fire bats (Depths:1)
  2 golden eyes (shapeshifter)
  A yak (shapeshifter) (Depths:3)
  4 hogs (D:14)
  A chaos spawn (Depths:5)
  Eustachio (D:5)
  6 fire elementals
  A yaktaur simulacrum (Vaults:2)
  15 hippogriffs
  4 hungry ghosts
  3 wargs
  15 vampire mosquitoes
  A naga (shapeshifter) (Vaults:2)
  A mottled dragon (Vaults:2)
  A mottled dragon (shapeshifter) (Depths:2)
  36 nagas
  A soldier ant (D:11)
  A giant eyeball (Depths:5)
  9 porcupines
  5 hell hounds
  18 water moccasins
  A black bear (shapeshifter) (Vaults:1)
  10 ice beasts
  46 orc warriors
  8 sky beasts
  A black bear (D:9)
  6 wasps
  3 necrophages
  7 boggarts
  An ettin simulacrum (Vaults:3)
  6 eyes of draining
  42 ogres
  6 phantoms
  10 wolves
  A tengu (shapeshifter) (Depths:2)
  12 centaurs
  A centaur (shapeshifter) (Depths:2)
  20 crocodiles
  A snapping turtle skeleton (Crypt:1)
  6 big kobolds
  A wyvern zombie (D:10)
  A gnoll sergeant (D:5)
  6 earth elementals
  22 giant frogs
  A water moccasin zombie (D:11)
  A cyclops zombie (Crypt:1)
  A wyvern skeleton (D:10)
  2 scorpions
  6 killer bees (D:10)
  9 wights
  An electric eel (Lair:5)
  16 crimson imps
  6 giant frog zombies
  5 hounds
  3 human zombies (Crypt:1)
  13 orc priests
  Crazy Yiuf (D:5)
  3 jellies
  25 orc wizards
  A giant frog skeleton (D:7)
  2 human skeletons (Crypt:1)
  8 iguanas
  A hell rat (shapeshifter) (Vaults:5)
  19 worker ants
  18 sheep
  6 ogre zombies (D:10)
  A demigod skeleton (Crypt:1)
  3 mummies (Crypt:1)
  A hound zombie (Crypt:1)
  Robin (D:3)
  12 gnolls
  A howler monkey skeleton (D:5)
  11 adders
  48 river rats
  3 oozes
  2 adder skeletons (D:5)
  4 worms
  3 giant geckos
  104 orcs
  6 giant cockroaches
  19 goblins
  9 hobgoblins
  17 jackals
  8 quokkas
  10 bats
  2 giant gecko skeletons
  A giant gecko zombie (D:5)
  3 giant newts
  A gnoll zombie (Crypt:1)
  A goblin skeleton (D:10)
  2 goblin zombies (D:10)
  A hobgoblin skeleton (D:10)
  4 hobgoblin zombies (D:10)
  A jackal skeleton (D:5)
  43 kobolds
  2 orc skeletons
  9 orc zombies (D:10)
  7 rats
  5 bushes
  8 crawling corpses
  A fire vortex (Zot:2)
  13 fungi (D:8)
  A lost soul (Crypt:1)
  20 plants
2642 creatures vanquished.

Vanquished Creatures (collateral kills)
  Mara (D:15)
  Saint Roka (Orc:2)
  A Killer Klown (Zot:5)
  2 deep elf blademasters
  3 tentacled monstrosities
  A deep elf master archer (Elf:3)
  5 acid blobs (Slime:5)
  Kirke (D:14)
  A tengu reaver (Depths:1)
  A storm dragon (Zot:5)
  A sphinx (Depths:1)
  2 greater nagas (Snake:4)
  Ilsuiw (Shoals:4)
  2 frost giants
  Wiglaf (Snake:4)
  A deep elf sorcerer (Elf:3)
  A fire giant (Depths:2)
  An orc warlord (Orc:1)
  4 vault wardens
  3 ironheart preservers
  5 very ugly things
  3 stone giants
  A green draconian (Zot:2)
  2 deep elf annihilators (Elf:3)
  A spark wasp (Depths:2)
  A fire dragon (Depths:2)
  A yaktaur captain (Vaults:1)
  A death ooze (Slime:5)
  6 vault guards
  A rakshasa (Depths:1)
  A spriggan air mage (Depths:1)
  6 naga warriors
  An ice dragon (Depths:3)
  A death knight (Crypt:1)
  3 ogre magi
  2 anacondas
  2 deep troll shamans (Depths:2)
  2 centaur warriors
  An orc high priest (Orc:2)
  A tengu warrior (D:14)
  A vampire mage (Depths:3)
  3 naga sharpshooters
  3 deep troll earth magi
  A deep elf knight (Elf:1)
  A shock serpent (Snake:4)
  2 iron trolls (Depths:2)
  2 deep trolls
  2 salamander mystics
  A sea snake (Shoals:4)
  An unseen horror (Vaults:1)
  2 naga ritualists
  6 orc knights
  3 harpies (Shoals:4)
  6 deep elf magi
  12 ugly things
  A mana viper (Snake:4)
  An orc sorcerer (Vaults:1)
  A salamander (Snake:3)
  A shining eye (Slime:5)
  A hornet (Vaults:2)
  2 sirens (Shoals:4)
  2 naga magi (Snake:4)
  3 black mambas
  2 vault sentinels
  A yaktaur (Depths:2)
  A two-headed ogre (D:15)
  A troll (Orc:2)
  4 merfolk
  9 slime creatures
  A snapping turtle (Shoals:2)
  A boulder beetle (Vaults:3)
  A wraith (Crypt:1)
  3 fire elementals (Elf:2)
  A warg (Vaults:2)
  A swamp worm (shapeshifter) (Vaults:4)
  7 nagas
  8 orc warriors
  3 ogres
  A centaur (Vaults:2)
  A boggart (Depths:3)
  A giant frog (D:8)
  6 orc priests
  2 orc wizards (Orc:2)
  A mummy (Crypt:1)
  9 orcs
  A crawling corpse (Elf:3)
200 creatures vanquished.

Vanquished Creatures (others)
  A titan (Vaults:5)
  A deep elf archer (Elf:1)
  A moth of wrath (Zot:5)
  A yaktaur (Vaults:5)
  2 humans (D:14)
  A ball lightning (Depths:1)
  An orc (Vaults:5)
  226 fire vortices
  18 fungi
  42 plants
294 creatures vanquished.

Grand Total: 3136 creatures vanquished

Notes
Turn   | Place    | Note
--------------------------------------------------------------
     0 | D:1      | TheGoonsmith the Gargoyle Fire Elementalist began the quest for the Orb.
     0 | D:1      | Reached XP level 1. HP: 10/10 MP: 3/3
   520 | D:1      | Reached XP level 2. HP: 15/15 MP: 3/5
   928 | D:2      | Reached skill level 2 in Conjurations
   928 | D:2      | Reached XP level 3. HP: 19/19 MP: 2/6
   993 | D:2      | Found an iron altar of Okawaru.
  1258 | D:2      | Noticed a dagger
  1260 | D:2      | Noticed a dagger
  1262 | D:2      | Found a hide-covered altar of Uskayaw.
  1356 | D:2      | Reached XP level 4. HP: 24/24 MP: 4/7
  2090 | D:2      | Reached skill level 3 in Conjurations
  2238 | D:3      | Noticed Robin
  2483 | D:3      | Reached XP level 5. HP: 28/28 MP: 6/8
  2497 | D:3      | Reached skill level 1 in Shields
  2504 | D:3      | Learned a level 4 spell: Sticky Flame
  2508 | D:3      | Learned a level 3 spell: Conjure Flame
  2525 | D:3      | Killed Robin
  2929 | D:3      | Found a radiant altar of Vehumet.
  2940 | D:3      | Became a worshipper of Vehumet
  3452 | D:4      | Reached XP level 6. HP: 31/32 MP: 1/9
  3986 | D:4      | Noticed a phantom
  4000 | D:4      | Killed a phantom
  4110 | D:4      | Found a sacrificial altar of Ru.
  4377 | D:4      | Found a glowing silver altar of Zin.
  4425 | D:5      | Entered Level 5 of the Dungeon
  4625 | D:5      | Found a burning altar of Makhleb.
  4660 | D:5      | Reached skill level 4 in Conjurations
  4660 | D:5      | Reached XP level 7. HP: 25/36 MP: 3/11
  4677 | D:5      | Reached skill level 5 in Fire Magic
  4773 | D:5      | Found a glowing golden altar of the Shining One.
  4801 | D:5      | Noticed Grinder
  4809 | D:5      | Killed Grinder
  4809 | D:5      | Reached skill level 5 in Conjurations
  4867 | D:5      | Found a bloodstained altar of Trog.
  4930 | D:5      | Reached XP level 8. HP: 41/41 MP: 6/13
  4934 | D:5      | Gained mutation: You have a pair of small horns on your head. [mutagenic meat]
  4935 | D:5      | Gained mutation: You have sharp toenails. [mutagenic meat]
  4936 | D:5      | Gained mutation: You are frail. (-10% HP) [mutagenic meat]
  4937 | D:5      | Gained mutation: Scrolls take you a little longer to read. [mutagenic meat]
  4938 | D:5      | Lost mutation: Scrolls take you a little longer to read. [potion of cure mutation]
  4938 | D:5      | Lost mutation: You have a pair of small horns on your head. [potion of cure mutation]
  4938 | D:5      | Lost mutation: You have sharp toenails. [potion of cure mutation]
  4938 | D:5      | Lost mutation: You are frail. (-10% HP) [potion of cure mutation]
  5235 | D:5      | Noticed Eustachio
  5809 | D:5      | Killed Eustachio
  5809 | D:5      | Reached skill level 6 in Conjurations
  5921 | D:5      | Learned a level 5 spell: Fireball
  6156 | D:5      | Reached * piety under Vehumet
  6156 | D:5      | Offered knowledge of Magic Dart by Vehumet.
  6490 | D:5      | Noticed Crazy Yiuf
  6498 | D:5      | Killed Crazy Yiuf
  6851 | D:6      | Reached skill level 7 in Conjurations
  7305 | D:6      | Reached XP level 9. HP: 45/45 MP: 8/15
  7479 | D:6      | Found a stormy altar of Qazlal.
  7755 | D:6      | Found an opulent altar of Gozag.
  7928 | D:6      | Offered knowledge of Sting by Vehumet.
  8081 | D:7      | Reached ** piety under Vehumet
  8226 | D:7      | Reached skill level 5 in Spellcasting
  8226 | D:7      | Reached skill level 8 in Conjurations
  8743 | D:7      | Noticed a deep elf mage
  8854 | D:7      | HP: 2/45 [fire elemental[a deep elf mage] (5)]
  9195 | D:7      | Killed a deep elf mage
  9195 | D:7      | Reached skill level 9 in Conjurations
  9195 | D:7      | Reached XP level 10. HP: 20/50 MP: 8/18
  9771 | D:7      | Found a staircase to the Ecumenical Temple.
  9811 | D:8      | Offered knowledge of Ignite Poison by Vehumet.
  9914 | D:8      | Found a staircase to the Lair.
 10037 | D:8      | Found Sejos's Distillery.
 10044 | D:8      | Upgraded the game from 0.19-a0-671-g1224af5 to 0.19-a0-675-gf8984cf
 10300 | D:8      | Found a blossoming altar of Fedhas.
 10572 | D:8      | Reached *** piety under Vehumet
 10715 | D:8      | Noticed Prince Ribbit
 10723 | D:8      | Killed Prince Ribbit
 11022 | D:9      | Reached skill level 10 in Conjurations
 11180 | D:9      | Offered knowledge of Fulminant Prism by Vehumet.
 11414 | D:9      | Reached skill level 10 in Fire Magic
 11569 | D:9      | Found a blossoming altar of Fedhas.
 11955 | D:9      | Reached **** piety under Vehumet
 11964 | D:9      | Got a slimy shortbow
 11965 | D:9      | Identified the +8 shortbow of Optimality {venom, Stlth+} (You found it on level 9 of the Dungeon)
 12110 | D:10     | Entered Level 10 of the Dungeon
 12376 | D:10     | Offered knowledge of Bolt of Magma by Vehumet.
 12420 | D:10     | Learned a level 5 spell: Bolt of Magma
 12422 | D:10     | Found a staircase to the Orcish Mines.
 12441 | D:10     | Reached skill level 1 in Earth Magic
 12742 | D:10     | Reached XP level 11. HP: 54/54 MP: 3/21
 12858 | D:10     | Noticed a cyclops
 13024 | D:10     | Gained mutation: You are weak. (Str -2) [mutagenic meat]
 13025 | D:10     | Gained mutation: You tend to lose your temper in combat. [mutagenic meat]
 13026 | D:10     | Gained mutation: Your flesh is cold resistant. (rC+) [mutagenic meat]
 13116 | D:10     | Reached ***** piety under Vehumet
 13129 | D:10     | Offered knowledge of Spellforged Servitor by Vehumet.
 13330 | D:8      | Bought a potion of mutation for 30 gold pieces
 13330 | D:8      | Gained mutation: You have a pair of small horns on your head. [potion of mutation]
 13330 | D:8      | Gained mutation: You have a pair of horns on your head. [potion of mutation]
 13330 | D:8      | Gained mutation: You have a pair of large horns on your head. [potion of mutation]
 13331 | D:8      | Lost mutation: You are weak. (Str -2) [potion of cure mutation]
 13331 | D:8      | Lost mutation: Your flesh is cold resistant. (rC+) [potion of cure mutation]
 13331 | D:8      | Lost mutation: You tend to lose your temper in combat. [potion of cure mutation]
 13331 | D:8      | Lost mutation: You have a pair of large horns on your head. [potion of cure mutation]
 13331 | D:8      | Lost mutation: You have a pair of horns on your head. [potion of cure mutation]
 13385 | Lair:1   | Entered Level 1 of the Lair of Beasts
 13773 | Lair:1   | Noticed a six-headed hydra
 13783 | Lair:1   | Killed a six-headed hydra
 13844 | Lair:1   | Noticed Fannar
 13856 | Lair:1   | Killed Fannar
 14038 | Lair:1   | Learned a level 7 spell: Spellforged Servitor
 14321 | Lair:1   | Reached skill level 1 in Summonings
 14325 | Lair:1   | Reached skill level 11 in Conjurations
 14901 | Lair:2   | Found a staircase to the Snake Pit.
 15171 | Lair:2   | You fall through a shaft!
 15460 | Lair:3   | Found a staircase to the Shoals.
 15470 | Lair:3   | Reached XP level 12. HP: 59/59 MP: 19/25
 15824 | Lair:2   | Reached skill level 10 in Spellcasting
 16026 | Lair:2   | Noticed Sonja
 16041 | Lair:2   | Killed Sonja
 16313 | Lair:2   | Reached skill level 12 in Conjurations
 16436 | Lair:2   | Lost mutation: You have a pair of small horns on your head. [potion of cure mutation]
 17726 | Lair:4   | Noticed a six-headed hydra
 17736 | Lair:4   | Killed a six-headed hydra
 17736 | Lair:4   | Reached skill level 5 in Summonings
 18041 | Lair:4   | Noticed hoot's ghost (journeyman MiGl)
 18567 | Lair:5   | Offered knowledge of Delayed Fireball by Vehumet.
 18686 | Lair:5   | Reached XP level 13. HP: 63/63 MP: 5/28
 18702 | Lair:5   | Reached skill level 13 in Conjurations
 19041 | Lair:5   | Found a snail-covered altar of Cheibriados.
 19041 | Lair:5   | Found a staircase to the Slime Pits.
 19462 | Lair:6   | Entered Level 6 of the Lair of Beasts
 21179 | Lair:6   | Offered knowledge of Orb of Destruction by Vehumet.
 21188 | Lair:6   | Learned a level 7 spell: Orb of Destruction
 21343 | Lair:6   | Found a burning altar of Makhleb.
 21346 | Lair:6   | Reached skill level 14 in Conjurations
 22009 | Lair:6   | Gained mutation: Your large and strong wings let you fly indefinitely. [Gargoyle growth]
 22009 | Lair:6   | Reached XP level 14. HP: 68/68 MP: 11/30
 22834 | Lair:6   | Found a gateway to Hell.
 23202 | Lair:4   | Killed hoot's ghost
 23517 | Lair:4   | Noticed Nessos
 23521 | Lair:4   | Killed Nessos
 23584 | Lair:4   | Identified a scroll of acquirement
 23585 | Lair:4   | Got a bloodstained hat
 23596 | Lair:4   | Identified the +0 hat "Yxzirih" {Int+2} (You acquired it on level 4 of the Lair of Beasts)
 24306 | Lair:1   | Learned a level 2 spell: Blink
 25063 | Orc:1    | Entered Level 1 of the Orcish Mines
 25293 | Orc:1    | Found a roughly hewn altar of Beogh.
 25302 | Orc:1    | Noticed an orc warlord
 25310 | Orc:1    | Killed an orc warlord
 25570 | Orc:1    | Reached skill level 1 in Fighting
 25923 | Orc:2    | Entered Level 2 of the Orcish Mines
 26024 | Orc:2    | Offered knowledge of Freezing Cloud by Vehumet.
 26102 | Orc:2    | Found a frozen archway.
 26124 | IceCv    | Entered an ice cave
 26674 | IceCv    | Gained mutation: You are partially covered in molten scales. (AC +1) [mutagenic meat]
 26899 | Orc:2    | Found a staircase to the Elven Halls.
 27098 | Orc:2    | Noticed Saint Roka
 27273 | Orc:2    | Killed Saint Roka
 27273 | Orc:2    | Reached skill level 5 in Fighting
 27433 | Orc:2    | Found a roughly hewn altar of Beogh.
 27614 | Orc:2    | Found Zuedieb's Book Shop.
 27617 | Orc:2    | Found Douruost's General Store.
 27713 | Orc:2    | Learned a level 6 spell: Freezing Cloud
 27860 | Orc:2    | Found Cemen's Antique Armour Shop.
 27875 | Orc:2    | Found Reanuqea's Antique Weapon Shop.
 28174 | Orc:2    | Bought a faintly glowing mace for 264 gold pieces
 28176 | Orc:2    | Identified the +2 mace of Orghuokh {freeze, MR+} (You bought it in a shop on level 2 of the Orcish Mines)
 28193 | Orc:2    | Bought a bloodstained scale mail for 306 gold pieces
 28193 | Orc:2    | Bought a runed helmet for 153 gold pieces
 28193 | Orc:2    | Bought a glowing cloak for 153 gold pieces
 28204 | Orc:2    | Identified the +3 scale mail of Action {Int+5 Dex+2} (You bought it in a shop on level 2 of the Orcish Mines)
 28308 | D:10     | Reached ****** piety under Vehumet
 28315 | D:10     | Gained mutation: Your body sometimes deteriorates upon taking damage. [mutagenic meat]
 28316 | D:10     | Gained mutation: Your muscles are strong. (Str +2) [mutagenic meat]
 28317 | D:10     | Gained mutation: Your body often deteriorates upon taking damage. [mutagenic meat]
 28318 | D:10     | Gained mutation: Your muscles are very strong. (Str +4) [mutagenic meat]
 28710 | D:11     | Reached skill level 1 in Armour
 28786 | D:11     | Found a radiant altar of Vehumet.
 28894 | D:11     | Gained mutation: You have sharp fingernails. [mutagenic meat]
 28895 | D:11     | Gained mutation: You have large cloven feet. [mutagenic meat]
 29028 | D:11     | Offered knowledge of Iron Shot by Vehumet.
 29039 | D:11     | Reached XP level 15. HP: 84/84 MP: 6/31
 29159 | D:11     | Gained mutation: Your flesh is heat resistant. (rF+) [mutagenic meat]
 29160 | D:11     | Lost mutation: Your flesh is heat resistant. (rF+) [mutagenic meat]
 29161 | D:11     | Gained mutation: You are surrounded by a mild repulsion field. (EV +2) [mutagenic meat]
 29549 | D:12     | Found Keos's Gadget Shoppe.
 30105 | D:13     | Found a gate to the Vaults.
 30111 | D:13     | Reached skill level 1 in Ice Magic
 30583 | D:13     | Reached skill level 15 in Conjurations
 30729 | D:13     | Gained mutation: You evolve. [mutagenic meat]
 30730 | D:13     | Gained mutation: Your flesh is heat resistant. (rF+) [mutagenic meat]
 31553 | D:14     | Lost mutation: You have sharp fingernails. [mutagenic meat]
 31556 | D:14     | Gained mutation: You are surrounded by a moderate repulsion field. (EV +3) [mutagenic meat]
 31557 | D:14     | Lost mutation: Your body often deteriorates upon taking damage. [mutagenic meat]
 31559 | D:14     | Gained mutation: Your magical capacity is low. (-10% MP) [mutagenic meat]
 31560 | D:14     | Lost mutation: Your magical capacity is low. (-10% MP) [mutagenic meat]
 31563 | D:14     | Gained mutation: Your natural rate of healing is unusually fast. [evolution]
 31844 | D:14     | Gained mutation: You are agile. (Dex +2) [mutagenic meat]
 31848 | D:14     | Gained mutation: You passively map a small area around you. [mutagenic meat]
 31874 | D:14     | Offered knowledge of Conjure Ball Lightning by Vehumet.
 32037 | D:14     | Noticed Kirke
 32042 | D:14     | Noticed a sphinx
 32043 | D:14     | Killed Kirke
 33141 | D:15     | Entered Level 15 of the Dungeon
 33429 | D:15     | Reached skill level 5 in Ice Magic
 34312 | D:15     | Found a staircase to the Depths.
 34348 | D:15     | Found a hazy altar of Hepliaklqana.
 34370 | D:15     | Found a glowing golden altar of the Shining One.
 34549 | D:15     | Gained mutation: You are robust. (+10% HP) [potion of beneficial mutation]
 34956 | Snake:1  | Entered Level 1 of the Snake Pit
 34961 | Snake:1  | Reached XP level 16. HP: 87/96 MP: 11/33
 34963 | Snake:1  | Reached skill level 5 in Shields
 35271 | Snake:1  | Offered knowledge of Bolt of Fire by Vehumet.
 36092 | Orc:2    | Bought a scroll of amnesia for 49 gold pieces
 36102 | Orc:2    | Learned a level 6 spell: Bolt of Fire
 36728 | Snake:1  | Noticed Aizul
 36732 | Snake:1  | Killed Aizul
 37170 | Lair:2   | Reached skill level 10 in Shields
 38113 | Snake:2  | Noticed Agnes
 38117 | Snake:2  | Killed Agnes
 38313 | Snake:2  | Noticed a greater naga
 38323 | Snake:2  | Killed a greater naga
 38482 | Snake:2  | Lost mutation: Your body sometimes deteriorates upon taking damage. [evolution]
 38579 | Snake:2  | Offered knowledge of Lehudib's Crystal Spear by Vehumet.
 38579 | Snake:2  | Offered knowledge of Fire Storm by Vehumet.
 38579 | Snake:2  | Offered knowledge of Glaciate by Vehumet.
 38804 | Snake:2  | Noticed Louise
 38810 | Snake:2  | Killed Louise
 39629 | Snake:3  | Reached XP level 17. HP: 99/102 MP: 20/34
 40864 | Snake:4  | Entered Level 4 of the Snake Pit
 41751 | Snake:4  | Reached skill level 15 in Shields
 42194 | Snake:4  | Reached skill level 16 in Conjurations
 43492 | Snake:4  | Lost mutation: You are surrounded by a moderate repulsion field. (EV +3) [evolution]
 44184 | Snake:4  | Noticed Wiglaf
 44199 | Snake:4  | Killed Wiglaf
 44325 | Snake:4  | Reached XP level 18. HP: 106/107 MP: 18/36
 44768 | Snake:4  | Reached skill level 17 in Conjurations
 45730 | Snake:4  | Got a serpentine rune of Zot
 46317 | Shoals:1 | Entered Level 1 of the Shoals
 47133 | Shoals:1 | Gained mutation: You are very robust. (+20% HP) [evolution]
 47620 | Shoals:2 | Reached skill level 18 in Conjurations
 47802 | Shoals:2 | Found a hide-covered altar of Uskayaw.
 49002 | Shoals:3 | Noticed Polyphemus
 49004 | Shoals:3 | Reached XP level 19. HP: 122/122 MP: 15/37
 49009 | Shoals:3 | Killed Polyphemus
 49939 | Shoals:4 | Entered Level 4 of the Shoals
 50308 | Shoals:4 | Noticed Ryco's ghost (journeyman DDFi)
 50326 | Shoals:4 | Killed Ryco's ghost
 50533 | Shoals:4 | Noticed Ilsuiw
 50548 | Shoals:4 | Killed Ilsuiw
 51670 | Shoals:4 | Got a faintly glowing battleaxe {chop}
 51671 | Shoals:4 | Identified the +2 battleaxe "Lapnev" {chop, Int+2 Dex+6} (You took it off a merfolk on level 4 of the Shoals)
 51682 | Shoals:4 | Noticed Donald
 51691 | Shoals:4 | Killed Donald
 52037 | Shoals:3 | Reached skill level 15 in Spellcasting
 52258 | Shoals:4 | Reached skill level 19 in Conjurations
 52301 | Shoals:4 | Got a barnacled rune of Zot
 53482 | Elf:1    | Entered Level 1 of the Elven Halls
 53888 | Elf:1    | Found Tasch's Book Shoppe.
 53894 | Elf:1    | Bought a manual of Dodging for 1435 gold pieces
 53947 | Elf:1    | Lost mutation: You passively map a small area around you. [evolution]
 54215 | Elf:1    | Found Qereigru's Food Shop.
 54387 | Elf:1    | Lost mutation: Your natural rate of healing is unusually fast. [a shining eye]
 54388 | Elf:1    | Gained mutation: Scrolls take you a little longer to read. [a shining eye]
 55097 | Elf:1    | Found Zyotut's Armour Emporium.
 55310 | Elf:1    | Found Goid's Gadget Shoppe.
 55347 | Elf:1    | Reached XP level 20. HP: 122/129 MP: 22/39
 56679 | Elf:2    | Reached skill level 15 in Fire Magic
 57611 | Elf:2    | Found a runed gate.
 57611 | Elf:2    | Found a runed gate.
 57612 | Elf:2    | Found a runed gate.
 58687 | Elf:2    | Reached skill level 20 in Conjurations
 59844 | Vaults:1 | Entered Level 1 of the Vaults
 60956 | Vaults:1 | Found a portal to a secret trove of treasure.
 61975 | Vaults:2 | Reached XP level 21. HP: 134/134 MP: 2/40
 62663 | Vaults:2 | Found Vyox's Armour Boutique.
 63600 | Vaults:2 | Reached skill level 21 in Conjurations
 65004 | Vaults:3 | Got a warped ruby amulet
 65009 | Vaults:3 | Identified the amulet of Scepticism {Regen+ Int+4} (You found it on level 3 of the Vaults)
 65546 | Vaults:3 | Found Kicsusimp's Gadget Shop.
 65552 | Vaults:3 | Found Zirukhlups's Jewellery Shop.
 65599 | Vaults:3 | Bought an uncursed amulet of magic regeneration for 540 gold pieces
 65607 | Vaults:3 | Found Umnyew's Weapon Shop.
 65833 | Vaults:3 | Bought a wand of hasting (3/9) for 798 gold pieces
 65996 | Vaults:3 | Found a staircase to the Crypt.
 66198 | Vaults:3 | Reached XP level 22. HP: 136/140 MP: 15/42
 66431 | Vaults:3 | Learned a level 9 spell: Fire Storm
 67051 | Vaults:4 | Reached skill level 22 in Conjurations
 67402 | Vaults:4 | Found a shadowy altar of Dithmenos.
 67725 | Vaults:4 | Identified the +2 ring mail "Nousieg" {Str+6 Int-4} (You found it on level 4 of the Vaults)
 68387 | Elf:3    | Entered Level 3 of the Elven Halls
 68487 | Elf:3    | Noticed Nikola
 68497 | Elf:3    | Killed Nikola
 68499 | Elf:3    | Got a pair of spiked gloves
 68522 | Elf:3    | Identified the +4 pair of gloves "Fammul" {Str+3} (You took it off Nikola on level 3 of the Elven Halls)
 68648 | Elf:3    | Found Wosmafal's Food Boutique.
 68813 | Elf:3    | Gained mutation: You are resistant to hostile enchantments. (MR+) [evolution]
 69444 | Elf:3    | Reached XP level 23. HP: 142/145 MP: 16/44
 69453 | Elf:3    | Got a dazzling falchion {slice}
 69456 | Elf:3    | Identified the +5 falchion of the Eternal Warrior {slice, rN+ SInv} (You took it off a deep elf archer on level 3 of the Elven Halls)
 69487 | Elf:3    | Got a heavily runed tin ring
 69560 | Elf:3    | Identified the Handbook of Entrancing Translocation
 69610 | Elf:3    | Identified the ring "Leggig" {MR- Str+3 Int+4 Stlth+} (You took it off a deep elf mage on level 3 of the Elven Halls)
 70054 | Depths:1 | Entered Level 1 of the Depths
 70054 | Depths:1 | Noticed Mara
 70057 | Depths:1 | Noticed TheGoonsmith's illusion
 70066 | D:15     | Noticed TheGoonsmith's illusion
 70075 | D:15     | Killed Mara
 70597 | Depths:1 | Reached skill level 23 in Conjurations
 70968 | Depths:1 | Found Muepur's Book Shoppe.
 71061 | Depths:1 | Found Liel's Gadget Boutique.
 71076 | Depths:1 | Found Uzubufo's Antique Weapon Shoppe.
 71076 | Depths:1 | Found Gytufesmel's Assorted Antiques.
 71084 | Depths:1 | Bought a scroll of recharging for 304 gold pieces
 71084 | Depths:1 | Bought a potion of agility for 128 gold pieces
 71120 | Depths:1 | You fall through a shaft!
 71266 | Depths:2 | Found a bloodstained altar of Trog.
 71267 | Depths:2 | Found a deep blue altar of Sif Muna.
 71274 | Depths:2 | Found a shattered altar of Ashenzari.
 72770 | Depths:2 | Got a translucent cloak
 72773 | Depths:2 | Identified the cursed +0 cloak of the Bull {Int+2} (You found it on level 2 of the Depths)
 73000 | Depths:2 | Noticed a golden dragon
 73011 | Depths:2 | Killed a golden dragon
 73228 | Depths:2 | Reached XP level 24. HP: 114/151 MP: 33/44
 73351 | Depths:2 | Found a gateway to a ziggurat.
 73352 | Depths:2 | Found a one-way gate to the infinite horrors of the Abyss.
 73562 | Depths:2 | Reached skill level 24 in Conjurations
 74423 | Depths:3 | Got a slimy scimitar
 74426 | Depths:3 | Identified the +6 scimitar of Wisu {freeze, rC+ rN+ Int+4} (You found it on level 3 of the Depths)
 74789 | Depths:3 | Found a one-way gate leading to the halls of Pandemonium.
 75222 | Depths:3 | Gained mutation: You have hoof-like feet. [evolution]
 76270 | Depths:4 | Got a coiled copper ring
 76282 | Depths:4 | Identified the ring of Fios {rPois rF+ Str+7} (You found it on level 4 of the Depths)
 76457 | Depths:1 | Found Dehonaumn's Antique Armour Shop.
 76684 | Lair:1   | Learned a level 6 spell: Deflect Missiles
 76691 | Lair:1   | Learned a level 6 spell: Haste
 76813 | D:13     | Reached skill level 5 in Dodging
 76941 | Depths:1 | Bought a pair of embroidered boots for 171 gold pieces
 77192 | Depths:1 | Found a runed door.
 77305 | Depths:1 | Noticed a caustic shrike
 77307 | Depths:1 | Reached XP level 25. HP: 157/157 MP: 45/45
 77969 | Depths:4 | Reached skill level 10 in Dodging
 78628 | Depths:4 | Identified the Handbook of Quantum Air (You found it on level 4 of the Depths)
 78722 | Depths:5 | Entered Level 5 of the Depths
 79480 | Depths:5 | Noticed a juggernaut
 79483 | Depths:5 | Killed a juggernaut
 79546 | Depths:5 | Reached skill level 5 in Armour
 80634 | Depths:5 | Reached skill level 10 in Armour
 81366 | Depths:5 | Found a gate to the Realm of Zot.
 81618 | Depths:5 | Reached XP level 26. HP: 157/168 MP: 45/45
 82061 | Lair:1   | Learned a level 7 spell: Ring of Flames
 82381 | Elf:1    | Reached skill level 1 in Charms
 82611 | Elf:1    | Bought a beef jerky for 19 gold pieces
 82611 | Elf:1    | Bought 2 fruits for 39 gold pieces
 82611 | Elf:1    | Bought a meat ration for 65 gold pieces
 82611 | Elf:1    | Bought a meat ration for 65 gold pieces
 82611 | Elf:1    | Bought a slice of pizza for 19 gold pieces
 82611 | Elf:1    | Bought 3 slices of pizza for 58 gold pieces
 82611 | Elf:1    | Bought a bread ration for 65 gold pieces
 82611 | Elf:1    | Bought a meat ration for 65 gold pieces
 82611 | Elf:1    | Bought a bread ration for 65 gold pieces
 82611 | Elf:1    | Bought a beef jerky for 19 gold pieces
 82611 | Elf:1    | Bought a bread ration for 65 gold pieces
 82611 | Elf:1    | Bought a meat ration for 65 gold pieces
 82689 | Elf:3    | Bought a meat ration for 50 gold pieces
 82689 | Elf:3    | Bought a beef jerky for 15 gold pieces
 82689 | Elf:3    | Bought 4 fruits for 60 gold pieces
 82689 | Elf:3    | Bought a beef jerky for 15 gold pieces
 82689 | Elf:3    | Bought a slice of pizza for 15 gold pieces
 82689 | Elf:3    | Bought a bread ration for 50 gold pieces
 82689 | Elf:3    | Bought a beef jerky for 15 gold pieces
 82689 | Elf:3    | Bought a bread ration for 50 gold pieces
 82986 | Slime:1  | Entered Level 1 of the Pits of Slime
 83564 | Slime:5  | Entered Level 5 of the Pits of Slime
 83582 | Slime:5  | Reached skill level 5 in Charms
 83596 | Slime:5  | Noticed the Royal Jelly
 83598 | Slime:5  | Killed the Royal Jelly
 84385 | Slime:5  | Identified the Volume of Fiery Contamination
 84407 | Slime:5  | Got a slimy rune of Zot
 85170 | Crypt:1  | Entered Level 1 of the Crypt
 85743 | Crypt:1  | Reached skill level 10 in Charms
 86911 | Vaults:5 | Entered Level 5 of the Vaults
 87483 | Vaults:5 | Reached XP level 27. HP: 172/172 MP: 31/46
 90184 | Vaults:5 | Got a silver rune of Zot
 90582 | Vaults:5 | Got a shimmering chain mail
 90585 | Vaults:5 | Identified the +1 chain mail "Fyin" {rPois} (You found it on level 5 of the Vaults)
 90646 | Vaults:5 | Found Plog's Assorted Antiques.
 90674 | Vaults:5 | Bought a scroll of teleportation for 84 gold pieces
 90674 | Vaults:5 | Bought a scroll of identify for 56 gold pieces
 90674 | Vaults:5 | Bought a scroll of identify for 56 gold pieces
 90766 | Vaults:5 | Reached skill level 1 in Air Magic
 91525 | Zot:1    | Entered Level 1 of the Realm of Zot
 92239 | Zot:1    | Reached skill level 5 in Air Magic
 92705 | Zot:2    | Reached skill level 1 in Staves
 93047 | Zot:2    | Reached skill level 5 in Staves
 93501 | Zot:4    | Noticed an orb of fire
 93521 | Zot:4    | Reached skill level 10 in Staves
 93537 | Zot:4    | Gained mutation: Your body sometimes deteriorates upon taking damage. [an orb of fire]
 93961 | Zot:4    | Killed an orb of fire
 94270 | Zot:5    | Entered Level 5 of the Realm of Zot
 94706 | Zot:5    | Noticed an orb of fire
 94713 | Zot:5    | Killed an orb of fire
 94725 | Zot:5    | Noticed an ancient lich
 94728 | Zot:5    | Killed an ancient lich
 94834 | Zot:5    | Noticed an orb of fire
 94850 | Zot:5    | Killed an orb of fire
 94870 | Zot:5    | Noticed an ancient lich
 94875 | Zot:5    | Killed an ancient lich
 94999 | Zot:5    | Reached skill level 10 in Fighting
 95403 | Zot:5    | Noticed an orb of fire
 95407 | Zot:5    | Killed an orb of fire
 95528 | Zot:5    | Got the Orb of Zot
 95572 | Zot:5    | Noticed Vuynuf the pandemonium lord
 95614 | Zot:5    | Killed Vuynuf the pandemonium lord
 95774 | Depths:5 | Noticed Qodwysut the pandemonium lord
 95777 | Depths:5 | Killed Qodwysut the pandemonium lord
 95799 | Depths:5 | Noticed Bareq the pandemonium lord
 95856 | Depths:2 | Reached skill level 15 in Fighting
 95950 | Depths:2 | Gained mutation: You tend to lose your temper in combat. [mutagenic glow]
 96049 | Depths:1 | Noticed a seraph
 96052 | Depths:1 | Killed a seraph
 96263 | D:9      | Noticed Dain the pandemonium lord
 96267 | D:9      | Killed Dain the pandemonium lord
 96423 | D:4      | Noticed Adoutt the pandemonium lord
 96427 | D:4      | Killed Adoutt the pandemonium lord
 96511 | D:$      | Escaped with the Orb!

Vault maps used:
D:1:      scummos_arrival_star
D:2:      okawaru_metal_pillars_1_2, dancing_weapons_uskayaw
D:3:      fiery_altar_vehumet, uniq_robin
D:4:      kennysheep_mini_moat, kennysheep_little_box, first_bread
D:5:      lemuel_crystal_altar, lemuel_doored_altar, old_standard_altar,
          lightli_minifort, uniq_grinder, uniq_crazy_yiuf_cottage,
          uniq_eustachio
D:6:      lemuel_crystal_altar, nicolae_overflow_crystal_walls
D:7:      corexii_shack_village, minmay_temple_entry_enclosed_plants
D:8:      overflow_temple_1_default, due_lair_maze_entry_diamond, serial_shops,
          shop, uniq_prince_ribbit1
D:9:      hangedman_tree_tricks
D:10:     zombieorc1_lemuel
D:11:     lemuel_statue_altar
D:12:     serial_shops, shop, moated_statue, minmay_dual_archer_statues
D:13:     david_vaults_2, nrook_guardian_serpent_double
D:14:     minivault_27, uniq_kirke
D:15:     gammafunk_enter_depths_forms, tso_metal_star, basic_altar,
          lemuel_nasty_fountain
Lair:1:   uniq_fannar
Lair:2:   minmay_snake_entry_guardpost_small, minmay_lair_oklob_bushes,
          uniq_sonja
Lair:3:   minmay_shoals_entry_lonely_mermaid
Lair:4:   lab_entry_generic, grunt_megastairs_2, infiniplex_staircase_pool,
          uniq_nessos
Lair:5:   slime_dummy, basic_altar, fungi_pond_lemuel
Lair:6:   evil_forest, nicolae_lair_grove_arrangements, st_stairs_11,
          minivault_23
Shoals:1: kb_tengu_band
Shoals:2: regret_index_shoals_crete
Shoals:3: uniq_polyphemus
Shoals:4: shoals_end_grunt_garden, shoals_ilsuiw_alternative, uniq_donald
Snake:1:  evilmike_ambush, uniq_aizul
Snake:2:  special_room, spider_trap, uniq_louise, uniq_agnes
Snake:3:  grunt_megastairs_3
Snake:4:  snake_pit_salamanders_mu, st_stairs_11, uniq_wiglaf
Slime:2:  cheibrodos_slime_lost_civilization_3,
          cheibrodos_slime_lost_civilization_6
Slime:3:  basic_altar
Slime:4:  nicolae_slime_jelly_donut
Orc:1:    basic_altar
Orc:2:    grunt_orc_cross, portal_ice_cave_entry_pillars_1, mines3_lemuel
Elf:1:    minmay_elf_arrival_plus, serial_shops, shop_fountains, shop,
          nicolae_shop_stone, shop_statue, hangedman_elven_crosses_minicolossus,
          hex_large, minivault_5, lemuel_flame_loot_1
Elf:2:    minivault_16, spider_trap, nicolae_elf_big_sculpture_1
Elf:3:    grunt_elf_hall_asides, serial_shops, nicolae_shop_window_shopping,
          uniq_nikola
Vaults:1: hangedman_vaults_cutoff, vaults_room_pools, v_misc_2, v_misc_29,
          v_misc_28, v_rooms_1, hangedman_vaults_locks,
          nicolae_vaults_little_squares_4, nicolae_vaults_ring_of_whatevers,
          nicolae_vaults_murderbox, vaults_dpeg_ring, enter_trove_0
Vaults:2: v_misc_13, vaults_mumra_lcd, nicolae_vaults_specimen_jars, v_misc_5,
          dpeg_vaults_monster_box, v_pattern_4, nicolae_vaults_little_squares_3,
          vaults_room_hallway, nicolae_vaults_little_squares_2,
          vaults_standard_mumra_enter_the_diamond, v_alt_pattern_4,
          grunt_vaults_hallway_long, nicolae_vaults_network_s,
          nicolae_vaults_network_square
Vaults:3: nicolae_vaults_twisting_passages, vaults_room_boxed,
          hangedman_vaults_stream, hangedman_vaults_hard_town_square,
          serial_ice_m, vaults_room_corners, minmay_crypt_entry_simple_box,
          vaults_room_fours
Vaults:4: ontoclasm_vaults_decontamination, hangedman_vaults_corner_blocks,
          hangedman_vaults_capsules, dpeg_vaults_monster_row, v_pattern_5,
          vaults_dpeg_spiral, v_misc_24, nicolae_vaults_border_crossing,
          nicolae_vaults_ring_of_whatevers, hangedman_vaults_trim, v_misc_5,
          basic_altar
Vaults:5: serial_shops
Crypt:1:  feat_on_display, grunt_crypt_arrival_guarded_gate
Depths:1: abyss_entry_crystal, hell_entry, serial_shops, shop, shop, shop, shop,
          nicolae_shop_crystal, lightli_gold_pyramid, uniq_mara
Depths:2: hangedman_slaughterboxes, abyss_entry, hell_entry
Depths:3: hourglass_vault, minmay_misc_feat_diagonals, pan_entry,
          pf_vacation_house_of_asmodeus, nicolae_lava_and_water
Depths:4: minmay_tri_box, minmay_misc_feat_columns, minmay_room_of_horrors,
          pf_coc_iceberg, infiniplex_staircase_star
Depths:5: grunt_zot_entry_gee_three, hell_entry, grunt_decor_one_mirror,
          nrook_kobold_shadow_demons
Zot:2:    lemuel_draconian_sentries, hangedman_zot_decor_slant
Zot:5:    bh_zot_ikea_curve, basic_stair_grate_trap
IceCv:    ice_cave_statue_garden_chambered

Skill      XL: |  1  2  3  4  5  6  7  8  9 10 11 12 13 14 15 16 17 18 19 20 21 22 23 24 25 26 27 |
---------------+----------------------------------------------------------------------------------+-----
Conjurations   | 2 3 4 5 7 9 10 11 12 14 15 16 18 19 20 21 22 23 24 | 24.9
Fire Magic     | 4 5 7 9 10 11 13 14 16 17 18 19 21 | 21.1
Shields        | 3 4 13 15 | 15.0
Spellcasting   | 3 4 5 7 9 11 12 13 14 15 16 17 18 19 22 | 22.0
Earth Magic    | 3 4 |  4.0
Summonings     | 3 6 8 9 |  9.5
Fighting       | 5 7 16 | 16.5
Dodging        | 4 7 13 | 13.0
Armour         | 2 4 10 | 10.8
Ice Magic      | 6 |  6.1
Charms         | 10 11 | 11.1
Air Magic      | 5 |  5.5
Staves         | 14 | 14.3
Stealth        | |  2.1

Action                   |  1- 3 |  4- 6 |  7- 9 | 10-12 | 13-15 | 16-18 | 19-21 | 22-24 | 25-27 || total
-------------------------+-------+-------+-------+-------+-------+-------+-------+-------+-------++-------
Melee: Short sword       |     7 |       |       |       |       |       |       |       |       ||     7
       Unarmed           |     1 |       |       |       |       |       |       |       |       ||     1
       Mace              |    10 |    27 |       |       |     2 |       |       |       |       ||    39
       Flail             |       |     4 |   365 |   101 |    15 |     2 |       |       |       ||   487
       Headbutt          |       |       |       |     4 |       |       |       |       |       ||     4
       Staff             |       |       |       |       |    16 |    53 |   100 |    20 |   175 ||   364
 Cast: Flame Tongue      |    47 |   121 |   251 |   570 |   672 |   406 |   184 |    28 |       ||  2279
       Sticky Flame      |       |       |     7 |    61 |   112 |    96 |    51 |    23 |     5 ||   355
       Conjure Flame     |       |       |     5 |     9 |       |       |       |       |       ||    14
       Fireball          |       |       |       |    41 |    86 |    71 |    90 |    93 |    21 ||   402
       Bolt of Magma     |       |       |       |    13 |   170 |    11 |       |       |       ||   194
       Orb of Destructio |       |       |       |       |    20 |    19 |    56 |    68 |   165 ||   328
       Spellforged Servi |       |       |       |       |    19 |    28 |    20 |    26 |    11 ||   104
       Freezing Cloud    |       |       |       |       |     5 |    17 |     5 |     3 |     2 ||    32
       Bolt of Fire      |       |       |       |       |       |   202 |   409 |   417 |   597 ||  1625
       Fire Storm        |       |       |       |       |       |       |       |    17 |   132 ||   149
       Blink             |       |       |       |       |       |       |       |     2 |    19 ||    21
       Ring of Flames    |       |       |       |       |       |       |       |       |    40 ||    40
       Deflect Missiles  |       |       |       |       |       |       |       |       |     2 ||     2
       Haste             |       |       |       |       |       |       |       |       |     1 ||     1
Evoke: Wand              |       |       |    11 |     4 |       |       |       |     1 |    20 ||    36
       Phial of floods   |       |       |       |       |       |     1 |       |       |       ||     1
  Use: Scroll            |       |    12 |     6 |    14 |    12 |     7 |     9 |    14 |    14 ||    88
       Potion            |       |       |     2 |     5 |     1 |     1 |     2 |       |     8 ||    19
 Stab: Paralysed         |       |       |     8 |     3 |       |       |       |       |       ||    11
       Sleeping          |       |       |     1 |       |       |       |       |       |       ||     1
       Confused          |       |       |     1 |       |       |       |       |       |       ||     1
       Distracted        |       |       |       |       |       |     1 |       |       |       ||     1
  Eat: Chunk             |     1 |     8 |    14 |    30 |    66 |    44 |    86 |    92 |    52 ||   393
       Pizza             |       |     1 |     1 |     1 |       |     2 |     3 |     5 |     6 ||    19
       Royal jelly       |       |     1 |       |       |       |       |     1 |       |     1 ||     3
       Bread ration      |       |       |     1 |     1 |     4 |     3 |     4 |     1 |     7 ||    21
       Meat ration       |       |       |       |     1 |     5 |     5 |     3 |     3 |     8 ||    25
       Fruit             |       |       |       |     1 |       |    18 |     1 |     2 |    12 ||    34
       Beef jerky        |       |       |       |       |     3 |     4 |     5 |     1 |     6 ||    19
Armor: Robe              |    13 |    34 |   150 |   193 |   156 |   330 |   223 |    96 |   255 ||  1450
       Scale mail        |       |       |       |       |    18 |       |       |       |       ||    18
Dodge: Dodged            |    28 |    45 |   262 |   167 |   179 |   467 |   177 |    87 |   369 ||  1781
       Deflected         |       |       |       |       |       |       |       |       |     4 ||     4
Block: Buckler           |       |    14 |   134 |   122 |   119 |   118 |       |       |       ||   507
       Shield            |       |       |       |       |     3 |   366 |   371 |   108 |   456 ||  1304
